 Dungeon Crawl Stone Soup version 0.24.0-2-g5b39cebb1c (webtiles) character file.

Game seed: 10061606171999163436, levelgen mode: deterministic

34700 Mesmaeker13 the Nimble (level 13, -5/72 HPs)
             Began as an Octopode Conjurer on Oct 31, 2019.
             Was a High Priest of Hepliaklqana.
             Slain by an entropy weaver
             ... wielding a +0 falchion
              (14 damage)
             ... on level 4 of the Lair of Beasts.
             The game lasted 01:29:28 (21967 turns).

Mesmaeker13 the Nimble (Octopode Conjurer)         Turns: 21967, Time: 01:29:30

Health: -5/72      AC: -1    Str:  8    XL:     13   Next: 79%
Magic:  12/31      EV: 21    Int: 31    God:    Hepliaklqana [*****.]
Gold:   723        SH:  6    Dex: 13    Spells: 10/24 levels left

rFire    . . .     SeeInvis .   D - +2 falchion of Contradiction {drain, Int+6}
rCold    + . .     Gourm    .   B - +1 buckler
rNeg     . . .     Faith    .   l - +2 hat
rPois    .         Spirit   .   C - amulet of regeneration
rElec    .         Reflect  .   e - +4 ring of intelligence
rCorr    .         Harm     .   y - ring of magical power
MR       .....                  J - ring of protection from cold
Stlth    +++.......             (no ring)
HPRegen  0.62/turn              (no ring)
MPRegen  0.22/turn              (no ring)
                                (no ring)
                                (no ring)

@: corroded
A: almost no armour, stealthy swim, amphibious, 8 rings, constrict 8, reduced
essence, camouflage 1, gelatinous body 1
a: Recall Ancestor, Ancestor Identity, Transference, Idealise, Renounce Religion


You were on level 4 of the Lair of Beasts.
You worshipped Hepliaklqana.
Hepliaklqana was extremely pleased with you.
You were not hungry.

You visited 3 branches of the dungeon, and saw 16 of its levels.

You collected 819 gold pieces.
You spent 96 gold pieces at shops.

Inventory:

Hand Weapons
 a - a +4 scimitar of flaming
 m - a +4 demon trident of venom
 D - the +2 falchion of Contradiction (weapon) {drain, Int+6}
   (You found it on level 8 of the Dungeon)

   A truly terrible weapon, it drains the life of those it strikes.
   It affects your intelligence (+6).
 O - the +5 mace of Mutilation {crush, Str+8}
   (You found it on level 3 of the Lair of Beasts)

   It inflicts extra damage upon your enemies.
   It affects your strength (+8).
Missiles
 r - 5 javelins (quivered)
 u - 80 poisoned darts
 G - 3 throwing nets
Armour
 l - a +2 hat (worn)
 B - a +1 buckler (worn)
Jewellery
 e - a +4 ring of intelligence (left tentacle)
 y - a ring of magical power (right tentacle)
 C - an amulet of regeneration (around mantle)
 I - an uncursed amulet of magic regeneration
 J - a ring of protection from cold (on tentacle)
Wands
 E - a wand of disintegration (4)
 H - a wand of iceblast (6)
 L - a wand of digging (5)
Scrolls
 c - 3 scrolls of magic mapping
 f - a scroll of blinking {unknown}
 i - 6 scrolls of remove curse
 j - 4 scrolls of fear
 k - 4 scrolls of teleportation
 o - 5 scrolls of amnesia
 s - a scroll of brand weapon {unknown}
Potions
 d - a potion of haste
 g - 2 potions of resistance
 h - a potion of berserk rage
 p - 2 potions of lignification
 q - 2 potions of ambrosia
 t - 4 potions of curing
 v - 2 potions of brilliance
 w - 2 potions of might
 x - a potion of flight {unknown}
 z - 2 potions of magic
 A - 2 potions of degeneration {unknown}
 F - 2 potions of agility {unknown}
 K - 2 potions of heal wounds
Comestibles
 b - 26 rations
 n - 6 chunks of flesh


   Skills:
 - Level 4.5 Fighting
 - Level 5.3 Long Blades
 + Level 12.9 Dodging
 - Level 2.6 Stealth
 - Level 4.0 Shields
 - Level 6.1 Spellcasting
 - Level 12.3 Conjurations
 - Level 10.0 Hexes
 + Level 5.5 Summonings


You had 10 spell levels left.
You knew the following spells:

 Your Spells              Type           Power        Failure   Level  Hunger
a - Magic Dart            Conj           ####         1%          1    None
b - Searing Ray           Conj           ######       1%          2    None
c - Dazzling Spray        Conj/Hex       ######       1%          3    None
d - Fulminant Prism       Conj/Hex       ######....   1%          4    ###....
e - Summon Ice Beast      Ice/Summ       ####....     16%         4    ###....

Your spell library contained the following spells:

 Spells                   Type           Power        Failure   Level  Hunger
 Confusing Touch          Hex            ######       1%          1    None
 Summon Butterflies       Summ           #####...     1%          1    None
 Summon Small Mammal      Summ           ####         1%          1    None
 Call Canine Familiar     Summ           #####...     1%          3    None
 Cause Fear               Hex            ######....   1%          4    ###....
 Iskenderun's Mystic Bla  Conj           ######..     1%          4    ###....
 Force Lance              Conj/Tloc      #####...     3%          4    ###....
 Animate Skeleton         Necr           N/A          4%          1    None
 Apportation              Tloc           #.....       4%          1    None
 Summon Mana Viper        Hex/Summ       ######..     5%          5    #####..
 Passwall                 Tmut/Erth      #.......     8%          2    None
 Metabolic Englaciation   Hex/Ice        #####.....   17%         5    #####..
 Yara's Violent Unravell  Hex/Tmut       #####.....   17%         5    #####..
 Summon Hydra             Summ           #####.....   99%         7    #######


Dungeon Overview and Level Annotations

Branches:
Dungeon (11/15)            Temple (1/1) D:5            Lair (4/6) D:11
 Spider (0/4) Lair:3          Orc (0/2) D:9
  Swamp: Lair:2-4    Shoals: Lair:2-4

Altars:
Ashenzari
Cheibriados
Dithmenos
Elyvilon
Fedhas
Gozag
Hepliaklqana
Kikubaaqudgha
Makhleb
Nemelex Xobeh
Okawaru
Qazlal
Ru
Sif Muna
Trog
Uskayaw
Vehumet
Wu Jian
Xom
Yredelemnul
Zin
The Shining One

Shops:
D:7 !

Annotations:
D:8 1 runed translucent door, ambioZ's ghost, novice DDFi
D:10 Snorg


Innate Abilities, Weirdness & Mutations

You cannot wear most types of armour.
You are very stealthy in the water. (Stealth+)
You are amphibious.
You can wear up to eight rings at the same time.
You can use your tentacles to constrict eight enemies at once.
Your skin changes colour to match your surroundings (Stealth+).
Your rubbery body absorbs attacks. (AC +1, EV +1)
Your life essence is reduced to manifest your ancestor. (-10% HP)


Message History

You riposte.
You strike the helpless entropy weaver from behind!
You hit the entropy weaver. Your grab misses the entropy weaver.
Your squeeze misses the entropy weaver.
The entropy weaver is severely wounded.
The entropy weaver hits you with a +0 falchion.
The entropy weaver barely misses you. You block the entropy weaver's attack.
Casting: Dazzling Spray (safe; 1% risk of failure)
Confirm with . or Enter, or press ? or * to list all spells.
Aiming: Searing Ray (safe; 1% risk of failure)
Press: ? - help, Shift-Dir - straight line, f/p - entropy weaver
Aim: an entropy weaver, wielding a +0 falchion (severely wounded, blind)
The searing ray hits the entropy weaver.
The entropy weaver is severely wounded. (Press . to maintain the ray.)
The entropy weaver hits you with a +0 falchion! x2
* * * LOW HITPOINT WARNING * * *
The entropy weaver closely misses you.
The entropy weaver hits you with a +0 falchion!
You die...

....... P........
P........ #.......P
#.......# #≈≈..## ###
#.......P
##≈≈..#.##.####........
#≈≈≈........a@.........
≈≈#........###...###.
≈≈ #..........#.#...#
.# #.....#.>..###..#
..### #.....#...## ....
#...# #.....#..## ..#..
##.## #....#...# ...[.
#^..###...#....# %...
..8..#...##...#.# ..#.


You could see an entropy weaver (blind).

Vanquished Creatures
  3 hydras
  Fannar (Lair:1)
  Erolcha (D:9)
  An ugly thing (D:11)
  2 manticores
  A cyclops (D:11)
  Joseph (D:7)
  2 oklob plants (Lair:2)
  A centaur zombie (D:11)
  A black mamba (Lair:1)
  A gargoyle (D:11)
  3 spiny frogs
  A rime drake (Lair:1)
  A hornet (Lair:3)
  10 blink frogs (Lair:3)
  A dream sheep (D:8)
  A wyvern (Lair:2)
  35 yaks
  Grum (D:8)
  A hungry ghost (D:11)
  2 acid dragons (D:11)
  5 water moccasins
  4 soldier ants (Lair:4)
  10 porcupines
  2 ice beasts
  3 sky beasts
  2 black bears
  3 phantoms
  6 ogres
  A necrophage (D:11)
  13 wolves
  6 crocodiles
  3 centaurs
  4 big kobolds
  7 bullfrogs
  6 scorpions
  6 killer bees (D:9)
  A howler monkey (D:6)
  6 wights
  4 electric eels
  2 crimson imps
  A bullfrog zombie (D:11)
  A quasit (D:7)
  A jelly (D:7)
  An orc priest (D:4)
  3 hounds (D:11)
  3 bullfrog skeletons
  A centaur skeleton (D:11)
  An ancestor (D:8)
  4 iguanas
  9 knights
  3 orc wizards
  Ijyb (D:4)
  11 worker ants
  2 hound skeletons
  A worker ant zombie (D:8)
  10 adders
  3 shadow imps
  2 oozes
  An adder zombie (D:7)
  3 worms
  4 dart slugs
  2 leopard geckos
  17 orcs
  2 ball pythons
  10 bats
  6 giant cockroaches
  9 goblins
  5 hobgoblins
  10 jackals
  5 quokkas
  3 frilled lizards
  A jackal skeleton (D:5)
  10 kobolds
  A quokka zombie (D:6)
  2 rats
  A fungus (Lair:3)
  5 plants
320 creatures vanquished.

Vanquished Creatures (collateral kills)
  Harold (Lair:2)
  A hydra (Lair:3)
  Erica (D:8)
  2 two-headed ogres
  A death yak (D:9)
  Urug (D:11)
  Maurice (D:8)
  2 spiny frogs
  A troll (D:11)
  A hippogriff (D:9)
  A dream sheep (D:8)
  A wraith (D:11)
  15 yaks
  A basilisk (Lair:2)
  An acid dragon (D:11)
  2 soldier ants (Lair:4)
  4 porcupines
  A water moccasin (Lair:3)
  2 ice beasts
  An orc warrior (D:10)
  A sky beast (D:7)
  A black bear (D:11)
  A necrophage (D:11)
  A wolf (Lair:4)
  An ogre (D:10)
  A phantom (D:11)
  A crocodile (Lair:2)
  3 bullfrogs
  Blork the orc (D:6)
  A scorpion (D:8)
  A wight (D:6)
  2 electric eels (D:11)
  A crimson imp (D:9)
  A quasit (D:11)
  2 bullfrog skeletons (D:8)
  2 worker ants (Lair:4)
  An adder (D:11)
  4 orcs
  A giant cockroach (Lair:3)
  2 jackals
  A kobold (D:7)
71 creatures vanquished.

Vanquished Creatures (others)
  10 knights
  13 ancestors
  86 fulminant prisms
  8 fungi
  7 plants
124 creatures vanquished.

Grand Total: 515 creatures vanquished

Notes
Turn   | Place    | Note
-------+----------+-------------------------------------------
     0 | D:1      | Mesmaeker13 the Octopode Conjurer began the quest for the
                  | Orb.
     0 | D:1      | Reached XP level 1. HP: 11/11 MP: 3/3
   313 | D:1      | Reached XP level 2. HP: 17/17 MP: 0/5
   847 | D:2      | Found a bloodstained altar of Trog.
   857 | D:2      | Reached XP level 3. HP: 21/21 MP: 2/6
  1004 | D:2      | Found a burning altar of Makhleb.
  1005 | D:2      | Found an iron altar of Okawaru.
  1139 | D:2      | Reached XP level 4. HP: 17/27 MP: 0/8
  2177 | D:3      | Learned a level 2 spell: Searing Ray
  2180 | D:3      | Noticed an ogre
  2219 | D:3      | Reached XP level 5. HP: 31/31 MP: 3/9
  2572 | D:3      | Reached skill level 5 in Conjurations
  2587 | D:3      | Noticed an ogre
  2813 | D:3      | Killed an ogre
  2813 | D:3      | Reached XP level 6. HP: 36/36 MP: 6/11
  3321 | D:3      | Learned a level 3 spell: Dazzling Spray
  4059 | D:4      | Reached XP level 7. HP: 41/41 MP: 11/13
  4099 | D:4      | Noticed Ijyb
  4311 | D:4      | Killed Ijyb
  4737 | D:5      | Entered Level 5 of the Dungeon
  5182 | D:5      | Found a staircase to the Ecumenical Temple.
  5191 | Temple   | Entered the Ecumenical Temple
  5203 | Temple   | Became a worshipper of Hepliaklqana the Forgotten
  5904 | D:6      | Reached skill level 5 in Dodging
  6216 | D:6      | Reached XP level 8. HP: 36/41 MP: 15/15
  6240 | D:6      | Noticed Blork the orc
  6250 | D:6      | Killed Blork the orc
  6250 | D:6      | Reached skill level 5 in Spellcasting
  7180 | D:7      | Noticed Joseph
  7393 | D:7      | Killed Joseph
  7393 | D:7      | Reached XP level 9. HP: 45/45 MP: 18/18
  7536 | D:7      | Found Luricuu's Distillery.
  7585 | D:7      | Bought a potion of invisibility for 96 gold pieces
  7671 | D:7      | Found a shimmering altar of Xom.
  7904 | D:7      | Found an opulent altar of Gozag.
  7912 | D:7      | Reached skill level 1 in Hexes
  7999 | D:7      | Reached * piety under Hepliaklqana
  8341 | D:7      | Found an opulent altar of Gozag.
  8341 | D:7      | Found an ancient bone altar of Kikubaaqudgha.
  8517 | D:8      | Noticed a two-headed ogre
  8558 | D:8      | Killed a two-headed ogre
  8742 | D:8      | Learned a level 4 spell: Fulminant Prism
  8791 | D:8      | Noticed Maurice
  8911 | D:8      | Killed Maurice
  8911 | D:8      | Reached XP level 10. HP: 41/50 MP: 19/19
  9062 | D:8      | Got a transparent falchion
  9063 | D:8      | Identified the +2 falchion of Contradiction {drain, Int+6}
                  | (You found it on level 8 of the Dungeon)
  9532 | D:8      | Noticed Erica
  9558 | D:8      | Killed Erica
  9929 | D:8      | Reached skill level 5 in Hexes
 10600 | D:8      | Noticed a two-headed hydra
 10831 | D:8      | Killed a one-headed hydra
 11391 | D:8      | Reached skill level 10 in Conjurations
 11511 | D:8      | Noticed Grum
 11547 | D:8      | Killed Grum
 11547 | D:8      | Reached XP level 11. HP: 54/54 MP: 20/20
 11617 | D:8      | Found a runed translucent door.
 11617 | D:8      | Found a shimmering altar of Xom.
 11617 | D:8      | Noticed ambioZ's ghost (novice DDFi)
 11618 | D:8      | Noticed a +2 whip of chaos
 12141 | D:9      | Found a staircase to the Orcish Mines.
 12272 | D:9      | Noticed Erolcha
 12487 | D:10     | Entered Level 10 of the Dungeon
 12500 | D:10     | Reached ** piety under Hepliaklqana
 12501 | D:10     | Remembered your ancestor Xochipepe as a knight
 12769 | D:10     | Noticed a manticore
 12949 | D:9      | Killed Erolcha
 12949 | D:9      | Reached skill level 10 in Dodging
 13009 | D:9      | Noticed a death yak
 13570 | D:9      | Killed a death yak
 13703 | D:9      | Reached skill level 1 in Fighting
 14140 | D:10     | Noticed Snorg
 14345 | D:10     | Killed a manticore
 14848 | D:11     | Reached XP level 12. HP: 63/63 MP: 13/21
 15077 | D:11     | Noticed a two-headed ogre
 15092 | D:11     | Killed a two-headed ogre
 15428 | D:11     | Found a staircase to the Lair.
 16074 | D:11     | Noticed Urug
 16092 | D:11     | Killed Urug
 16975 | D:10     | Reached skill level 1 in Long Blades
 17058 | Lair:1   | Entered Level 1 of the Lair of Beasts
 17197 | Lair:1   | Noticed Fannar
 17215 | Lair:1   | Killed Fannar
 17481 | Lair:1   | Reached *** piety under Hepliaklqana
 17610 | Lair:1   | Noticed a seven-headed hydra
 17644 | Lair:1   | Killed a seven-headed hydra
 17647 | Lair:1   | Reached XP level 13. HP: 47/72 MP: 2/22
 17892 | Lair:1   | Reached skill level 10 in Hexes
 17905 | Lair:1   | Learned a level 4 spell: Summon Ice Beast
 18416 | Lair:2   | Noticed Harold
 18434 | Lair:2   | Killed Harold
 18434 | Lair:2   | Reached skill level 1 in Summonings
 18941 | Lair:2   | Reached **** piety under Hepliaklqana
 19529 | Lair:2   | Identified the Handbook of Ashen Bewitchment
 19650 | Lair:3   | Found a hole to the Spider Nest.
 19700 | Lair:3   | Got a warped mace
 19701 | Lair:3   | Identified the +5 mace of Mutilation {crush, Str+8} (You
                  | found it on level 3 of the Lair of Beasts)
 19749 | Lair:3   | Reached skill level 5 in Long Blades
 20783 | Lair:3   | Reached skill level 5 in Summonings
 20839 | Lair:3   | Reached ***** piety under Hepliaklqana
 21959 | Lair:4   | Noticed an entropy weaver
 21967 | Lair:4   | Slain by an entropy weaver

Levels and vault maps discovered:
D:1:      dpeg_arrival_water_temple_mockup, layout_basic, serial_forest,
          infiniplex_forest_lined_2
D:2:      layout_basic, bloody_trog, chequers_temple_overflow_statue_of_worship,
          first_ration
D:3:      layout_loops_ring
D:4:      layout_basic, uniq_ijyb
D:5:      layout_basic, minmay_temple_entry_antechambers
D:6:      layout_cave_pods, uniq_blork_the_orc
D:7:      layout_loops_ring, lemuel_round_altar, gammafunk_temple_overflow_wave,
          serial_shops, nicolae_shop_statue_plus, grunt_gozag_breadcrumbs,
          uniq_joseph
D:8:      layout_basic, ebering_ghost_xom, hangedman_ranch
          [blue_anna_fruit_fields], uniq_grum, uniq_maurice, uniq_erica
D:9:      argonaut_augean_stables, layout_basic, orc_0_dummy,
          minmay_tree_intersection, uniq_erolcha
D:10:     layout_roguey, nicolae_dithmenos_shadow_blocks, uniq_snorg
D:11:     layout_stronghold, erik_lair_island, uniq_urug
Temple:   lightli_temple_of_artemis
Lair:1:   layout_cave_pods, serial_bayou_shore_a, grunt_megastairs_5,
          uniq_fannar
Lair:2:   layout_regular_city, minmay_hedge_maze, nicolae_quartered_pool_medium,
          beast_lair_carwin_11, grunt_megastairs_3, minmay_lair_oklob_chamber,
          uniq_harold
Lair:3:   layout_layer_cave, nicolae_spider_entry_non_spiders,
          serial_bayou_crossing, serial_bayou_shore_b
Lair:4:   gammafunk_cloud_chamber, layout_small_grid, minmay_shoals_entry_hut,
          minmay_another_anthill, grunt_megastairs_4, lemuel_fruit_fields

Skill      XL: |  1  2  3  4  5  6  7  8  9 10 11 12 13 |
---------------+----------------------------------------+-----
Dodging        | 3 4 5 6 7 9 10 11 12 | 12.9
Spellcasting   | 3 4 6 |  6.1
Conjurations   | 5 6 7 8 10 11 12 | 12.3
Shields        | 2 4 |  4.0
Hexes          | 3 6 8 9 10 | 10.0
Fighting       | 2 4 |  4.5
Long Blades    | 2 5 |  5.3
Summonings     | 5 |  5.5
Stealth        | |  2.6

Action                   |  1- 3 |  4- 6 |  7- 9 | 10-12 | 13-15 || total
-------------------------+-------+-------+-------+-------+-------++-------
Melee: Dagger            |     6 |     6 |    25 |       |       ||    37
       Constrict         |     3 |     2 |     7 |     5 |    15 ||    32
       Tentacles         |     3 |       |    11 |    15 |    10 ||    39
       Short sword       |       |       |    11 |     1 |       ||    12
       Falchion          |       |       |       |    50 |    54 ||   104
       Scimitar          |       |       |       |     5 |       ||     5
Throw: Dart              |     1 |     6 |    11 |     5 |       ||    23
 Cast: Magic Dart        |    51 |    92 |    73 |   123 |    79 ||   418
       Searing Ray       |       |    10 |    24 |    70 |    20 ||   124
       Dazzling Spray    |       |       |    13 |    54 |     9 ||    76
       Fulminant Prism   |       |       |       |    42 |    44 ||    86
Invok: Recall Ancestor   |       |       |       |     4 |     2 ||     6
       Ancestor Life: Kn |       |       |       |     1 |       ||     1
Evoke: Wand              |       |       |     5 |    17 |     1 ||    23
  Use: Scroll            |     1 |     5 |     9 |    14 |     6 ||    35
       Potion            |       |     1 |     3 |     4 |       ||     8
 Stab: Distracted        |       |       |     2 |       |     1 ||     3
       Invisible         |       |       |     3 |     1 |     4 ||     8
       Sleeping          |       |       |     1 |       |       ||     1
  Eat: Chunk             |     1 |     9 |     5 |     5 |     5 ||    25
       Ration            |       |       |     3 |     7 |     4 ||    14
Armor: Skin              |     1 |       |     4 |     8 |     2 ||    15
Dodge: Dodged            |    10 |    13 |    59 |   171 |    85 ||   338
Block: Buckler           |       |       |     7 |    45 |    22 ||    74
       Rpst.: Falchion   |       |       |       |    36 |    29 ||    65
       Scimitar          |       |       |       |     2 |       ||     2
